 Dungeon Crawl Stone Soup version 0.23-a0-644-gb60d84b (webtiles) character file.

39 Borgoz the Skirmisher (level 3, -1/33 HPs)
             Began as a Ghoul Abyssal Knight on Jan 1, 2019.
             Was a Follower of Lugonu.
             Slain by an adder (3 damage)
             ... on level 3 of the Dungeon.
             The game lasted 00:02:28 (1334 turns).

Borgoz the Skirmisher (Ghoul Abyssal Knight)        Turns: 1334, Time: 00:02:29

Health: -1/33      AC:  3    Str: 15    XL:     3   Next: 47%
Magic:  3/3        EV: 11    Int: 12    God:    Lugonu [*.....]
Gold:   59         SH:  0    Dex:  9    Spells: 2/2 levels left

rFire    . . .     SeeInvis .   a - +2 hand axe
rCold    + . .     Gourm    .   (no shield)
rNeg     + + +     Faith    .   b - +0 leather armour
rPois    ∞         Spirit   .   (no helmet)
rElec    .         Reflect  .   (no cloak)
rCorr    .         Harm     .   (no gloves)
MR       .....                  (no boots)
Stlth    +.........             g - amulet of inaccuracy (curse)
HPRegen  0.00/turn              (no ring)
MPRegen  0.08/turn              (no ring)

@: brilliant, rotting
A: rotting body, claws 1, carnivore, cold resistance 1, negative energy
resistance 3, inhibited regeneration, torment resistance, unbreathing
a: Depart the Abyss, Renounce Religion


You were on level 3 of the Dungeon.
You worshipped Lugonu.
Lugonu was aware of your devotion.
You were not hungry.

You visited 1 branch of the dungeon, and saw 3 of its levels.
You visited the Abyss 1 time.

You collected 59 gold pieces.

Inventory:

Hand Weapons
 a - a +2 hand axe (weapon)
 e - a +0 antimagic short sword
Armour
 b - a +0 leather armour (worn)
Jewellery
 g - a cursed amulet of inaccuracy (around neck)
 h - an uncursed amulet of the acrobat {unknown}
Scrolls
 j - a scroll of remove curse {unknown}
Comestibles
 c - 3 rations
 d - 3 chunks of flesh


   Skills:
 + Level 3.8 Fighting
 + Level 2.3 Axes
 - Level 2.0 Armour
 + Level 1.6 Dodging
 - Level 2.0 Invocations


You had 2 spell levels left.
You didn't know any spells.
Your spell library was empty.

Dungeon Overview and Level Annotations

Branches:
Dungeon (3/15)

Altars:


Innate Abilities, Weirdness & Mutations

Your body is rotting away.
You thrive on raw meat.
You are immune to poison.
You have sharp fingernails.
You are carnivorous and can eat meat at any time.
Your flesh is cold resistant. (rC+)
You are immune to negative energy. (rN+++)
You do not regenerate when monsters are visible.
You are immune to unholy pain and torment.
You can survive without breathing.


Message History

You miss the adder.
The adder is moderately wounded.
The adder closely misses you.
You miss the adder.
The adder is moderately wounded.
The adder bites you but does no damage. The adder closely misses you.
You miss the adder.
The adder is moderately wounded.
The adder bites you.
* * * LOW HITPOINT WARNING * * *
You closely miss the adder.
The adder is moderately wounded.
The adder completely misses you. The adder barely misses you.
You closely miss the adder.
The adder is moderately wounded.
The adder barely misses you.
You closely miss the adder.
The adder is moderately wounded.
The adder misses you. The adder bites you.
You die...

.....# ## .
..... .## ..
.... ... ...
... .. .... ..
.# #
...#.#.###.[.
#.##..........
#....S@.......
#.##........##
...........#
####.......##
........#
.........).
##.....####..
##..%## !.


You could see an adder.

Vanquished Creatures
  An ooze (D:2)
  3 bats (D:1)
  5 goblins
  4 hobgoblins
  3 jackals (D:2)
  3 frilled lizards (D:1)
  10 kobolds
  5 rats
34 creatures vanquished.

Notes
Turn   | Place    | Note
-------+----------+-------------------------------------------
     0 | Abyss:1  | Borgoz the Ghoul Abyssal Knight began the quest for the
                  | Orb.
     0 | Abyss:1  | Reached XP level 1. HP: 19/19 MP: 1/1
    24 | Abyss:1  | Noticed a smoke demon
    25 | D:1      | Escaped the Abyss
    97 | D:1      | Reached skill level 1 in Dodging
   155 | D:1      | Reached XP level 2. HP: 18/26 MP: 2/2
   913 | D:2      | Reached * piety under Lugonu
   923 | D:2      | Reached XP level 3. HP: 26/31 MP: 3/3
  1334 | D:3      | Slain by an adder

Vault maps used:
D:1:      dpeg_arrival_circle_labyrinth_c, wad_floor_pattern_untrapped
D:2:      old_standard_altar, grunt_ministairs_13
D:3:      cheibrodos_fertilizer, uniq_crazy_yiuf_cottage
Abyss:1:  hangedman_abyss_or_decor_slice, minivault_4

Skill      XL: |  1  2 |
---------------+-------+-----
Dodging        | 1 |  1.6
Axes           | 2 |  2.3
Armour         | 2 |  2.0
Fighting       | |  3.8
Invocations    | |  2.0

Action                   || total
-------------------------++-------
Melee: Hand axe          ||   117
Invok: Depart the Abyss  ||     1
  Use: Scroll            ||     1
       Potion            ||     2
  Eat: Chunk             ||     6
Armor: Leather armour    ||    40
Dodge: Dodged            ||    77

Table legend:
 A = Non-vault XP
 B = Vault XP
 C = Vault XP percentage of total XP
 D = Non-vault monster count
 E = Vault monster count
 F = Vault count percentage of total count
                 A         B        C        D         E       F
            +---------+---------+-------+---------+---------+-------
      Total |      54 |       3 |   5.3 |      32 |       2 |   5.9
            +---------+---------+-------+---------+---------+-------
        D:1 |      28 |       0 |   0.0 |      20 |       0 |   0.0
        D:2 |      26 |       3 |  10.3 |      12 |       2 |  14.3
            +---------+---------+-------+---------+---------+-------
